 Dungeon Crawl Stone Soup version 0.21.1-1-g345015f (webtiles) character file.

1176 letownia2 the Chiller (level 8, -16/58 HPs)
             Began as a Merfolk Ice Elementalist on Feb 13, 2018.
             Killed from afar by Monsterracer's ghost (37 damage)
             ... with a shard of ice
             ... on level 5 of the Dungeon.
             The game lasted 00:19:42 (2940 turns).

letownia2 the Chiller (Merfolk Ice Elementalist)    Turns: 2940, Time: 00:19:43

Health: -16/58     AC: 10    Str:  8    XL:     8   Next: 41%
Magic:  4/15       EV: 17    Int: 17    God:
Gold:   254        SH:  0    Dex: 14    Spells: 0/16 levels left

rFire    . . .     SeeInvis .   s - +2 hand axe (elec)
rCold    . . .     Gourm    .   (no shield)
rNeg     . . .     Faith    .   a - +0 robe
rPois    .         Spirit   .   m - +1 helmet
rElec    .         Reflect  .   (no cloak)
rCorr    .         Harm     .   (no gloves)
MR       .....                  (no boots)
Stlth    ++........             (no amulet)
HPRegen  0.19/turn              j - +4 ring of evasion
MPRegen  0.14/turn              q - ring of wizardry

@: icy armour, very slightly contaminated, slow
A: change form in water, swift swim, stealthy swim
a: no special abilities


You were on level 5 of the Dungeon.
You were not hungry.

You visited 1 branch of the dungeon, and saw 6 of its levels.

You collected 254 gold pieces.

Inventory:

Hand Weapons
 i - a +1 dagger of protection
 k - a +0 dagger
 l - a +1 dagger of holy wrath
 p - a +0 flail of draining
 s - a +2 hand axe of electrocution (weapon)
 B - a +1 mace of crushing
 C - a +0 whip of electrocution
Missiles
 d - 26 sling bullets
 f - a stone (quivered)
 h - a throwing net
Armour
 a - a +0 robe (worn)
 e - a cursed +0 ring mail
 m - a +1 helmet (worn)
 x - a +2 robe of positive energy
Jewellery
 j - a +4 ring of evasion (left hand)
 q - a ring of wizardry (right hand)
 r - an uncursed ring of positive energy
Wands
 g - a wand of random effects (15)
Scrolls
 t - 2 scrolls of identify
 u - a scroll of magic mapping {unknown}
 y - 4 scrolls of remove curse
 D - 2 scrolls of amnesia {unknown}
Potions
 n - a potion of flight {unknown}
 o - a potion of heal wounds
 w - a potion of degeneration {unknown}
 A - a potion of mutation {unknown}
 E - a potion of curing {unknown}
 F - 2 potions of resistance
Books
 b - a book of Frost

   Spells                             Type                      Level
   a - Freeze                         Ice                          1
   b - Throw Frost                    Conjuration/Ice              2
   c - Ozocubu's Armour               Charms/Ice                   3
   d - Throw Icicle                   Conjuration/Ice              4
   e - Summon Ice Beast               Ice/Summoning                4
 v - a book of Conjurations

   Spells                             Type                      Level
   a - Magic Dart                     Conjuration                  1
   b - Searing Ray                    Conjuration                  2
   c - Dazzling Spray                 Conjuration/Hexes            3
   d - Fulminant Prism                Conjuration/Hexes            4
   e - Force Lance                    Conjuration/Translocation    4
   f - Iskenderun's Mystic Blast      Conjuration                  4
Comestibles
 c - 5 rations
 z - a chunk of flesh


   Skills:
 - Level 3.0 Fighting
 - Level 2.6 Dodging
 - Level 2.1 Stealth
 + Level 4.9 Spellcasting
 - Level 2.5 Conjurations
 - Level 3.1 Charms
 - Level 2.3 Summonings
 + Level 7.2 Ice Magic


You couldn't memorise any spells.
You knew the following spells:

 Your Spells              Type           Power        Failure   Level  Hunger
a - Freeze                Ice            ####         1%          1    None
d - Throw Icicle          Conj/Ice       ###.....     8%          4    ####...
f - Throw Frost           Conj/Ice       ###...       1%          2    #......
i - Summon Ice Beast      Ice/Summ       ###.....     9%          4    ####...
l - Searing Ray           Conj           ##....       3%          2    #......
o - Ozocubu's Armour      Chrm/Ice       ###.....     1%          3    ###....


Dungeon Overview and Level Annotations

Branches:
Dungeon (6/15)
 Temple: D:4-7

Altars:
Ashenzari
Gozag
Okawaru
Qazlal

Annotations:
D:5 Monsterracer's ghost, novice DgIE


Message History

Aiming: Throw Icicle
Press: ? - help, Shift-Dir - straight line, f - Monsterracer's ghost
Aim: Monsterracer's ghost, wielding a weapon of venom The shard of ice misses Monsterracer's ghost.
Monsterracer's ghost gestures at you while chanting.
The shard of ice hits you!
Casting: Throw Icicle
Confirm with . or Enter, or press ? or * to list all spells.
Aiming: Throw Icicle
Press: ? - help, Shift-Dir - straight line, f/p - Monsterracer's ghost
Aim: Monsterracer's ghost, wielding a weapon of venom You miscast Throw Icicle.
You are very lightly contaminated with residual magic.
Your skin glows momentarily.
Monsterracer's ghost casts a spell at you.
The shard of ice hits you!
Monsterracer's ghost gestures at you while chanting.
The shard of ice hits you!
Ouch! That really hurt!
You die...

##........# #.# .########.#
#.# .#....# #.# #.# .###..#
#.# #.# ####..###.##
#.######## .#.........#
##.......W# .#.#..###..#
#....####.# .#.#..#
#..########.##.# ##.#..#
#....>..@...##.### ##.#..#
##.#########W....# [#.#..#
#.#########.....## ......#
#.##......(........#
)#.#.#####.##.######.....##.#
.).........##.# #.....# ..
#.##.########.### ###...<. .
#.##.# #...# ######.
#..#.#### ###)# #...#


You could see Monsterracer's ghost.

Vanquished Creatures
  Sigmund (D:3)
  2 centaurs
  A scorpion (D:4)
  A howler monkey (D:4)
  A crimson imp (D:6)
  A bullfrog zombie (D:5)
  3 hounds
  3 orc priests
  A bullfrog skeleton (D:4)
  2 jellies
  3 orc wizards
  2 worker ants (D:4)
  A hound zombie (D:5)
  Robin (D:3)
  11 gnolls
  5 adders
  A shadow imp (D:3)
  An ooze (D:3)
  2 worms
  A leopard gecko (D:5)
  16 orcs
  3 giant cockroaches
  4 hobgoblins (D:2)
  4 jackals
  2 kobolds
  2 quokkas (D:4)
  2 ball pythons
  5 frilled lizards
  10 goblins
  A jackal skeleton (D:5)
  2 quokka skeletons (D:4)
  4 rats
99 creatures vanquished.

Vanquished Creatures (collateral kills)
  A howler monkey (D:5)
  A centaur zombie (D:5)
2 creatures vanquished.

Grand Total: 101 creatures vanquished

Notes
Turn   | Place    | Note
-------+----------+-------------------------------------------
     0 | D:1      | letownia2 the Merfolk Ice Elementalist began the quest for the Orb.
     0 | D:1      | Reached XP level 1. HP: 13/13 MP: 3/3
   142 | D:2      | Reached skill level 4 in Ice Magic
   142 | D:2      | Reached XP level 2. HP: 11/19 MP: 0/5
   183 | D:2      | Learned a level 2 spell: Throw Frost
   193 | D:3      | Noticed Robin
   323 | D:2      | Reached XP level 3. HP: 9/24 MP: 0/6
   411 | D:2      | Learned a level 3 spell: Ozocubu's Armour
   612 | D:3      | Killed Robin
   612 | D:3      | Reached skill level 1 in Conjurations
   654 | D:3      | Reached XP level 4. HP: 22/31 MP: 2/7
   687 | D:3      | Found a transporter.
   694 | D:3      | Found a transporter.
   875 | D:4      | Reached skill level 1 in Fighting
   875 | D:4      | Reached skill level 1 in Charms
   875 | D:4      | Reached skill level 5 in Ice Magic
   945 | D:4      | Reached XP level 5. HP: 29/37 MP: 0/8
  1261 | D:4      | Reached XP level 6. HP: 35/44 MP: 4/10
  1865 | D:3      | Noticed Sigmund
  1970 | D:3      | Killed Sigmund
  1970 | D:3      | Reached XP level 7. HP: 29/52 MP: 5/12
  2033 | D:3      | Learned a level 4 spell: Summon Ice Beast
  2087 | D:5      | Entered Level 5 of the Dungeon
  2149 | D:5      | Reached skill level 6 in Ice Magic
  2189 | D:5      | Noticed Monsterracer's ghost (novice DgIE)
  2229 | D:5      | Reached skill level 1 in Summonings
  2303 | D:5      | Found an opulent altar of Gozag.
  2364 | D:5      | Reached XP level 8. HP: 8/58 MP: 8/14
  2459 | D:5      | Found a stormy altar of Qazlal.
  2464 | D:5      | Found a shattered altar of Ashenzari.
  2465 | D:5      | Found an iron altar of Okawaru.
  2676 | D:6      | Reached skill level 7 in Ice Magic
  2921 | D:5      | Learned a level 4 spell: Throw Icicle
  2924 | D:5      | Learned a level 2 spell: Searing Ray
  2940 | D:5      | Killed from afar by Monsterracer's ghost

Skill      XL: |  1  2  3  4  5  6  7  8 |
---------------+-------------------------+-----
Ice Magic      | 4 5 6 7 |  7.2
Conjurations   | 1 2 |  2.5
Fighting       | 1 3 |  3.0
Charms         | 1 2 3 |  3.1
Spellcasting   | 3 4 |  4.9
Summonings     | 2 |  2.3
Dodging        | |  2.6
Stealth        | |  2.1

Action                   |  1- 3 |  4- 6 |  7- 9 || total
-------------------------+-------+-------+-------++-------
Melee: Unarmed           |     4 |       |       ||     4
       Hand axe          |       |    16 |   102 ||   118
 Fire: Hunting sling     |     7 |    37 |       ||    44
 Cast: Freeze            |    46 |    64 |    42 ||   152
       Ozocubu's Armour  |     1 |     6 |    10 ||    17
       Throw Frost       |       |     4 |     4 ||     8
       Summon Ice Beast  |       |       |     4 ||     4
       Throw Icicle      |       |       |     1 ||     1
Evoke: Wand              |       |     7 |       ||     7
  Use: Scroll            |       |     3 |     2 ||     5
       Potion            |       |       |     1 ||     1
  Eat: Chunk             |       |     4 |     7 ||    11
Armor: Robe              |     5 |    12 |    48 ||    65
Dodge: Dodged            |    33 |    79 |   158 ||   270
